 Dungeon Crawl Stone Soup version 0.27.0-1-g7a089689b8 (webtiles) character file.

Game seed: 8936235941539728359

135 Descartes the Covered (level 5, -3/30 HPs)
             Began as a Gargoyle Wanderer on Aug 7, 2021.
             Was a Follower of Dithmenos.
             Slain by an orc (5 damage)
             ... on level 2 of the Dungeon.
             The game lasted 00:08:19 (2527 turns).

Descartes the Covered (Gargoyle Wanderer)           Turns: 2527, Time: 00:08:20

Health: -3/30      AC:  6    Str: 14    XL:     5   Next: 18%
Magic:  6/8        EV: 11    Int: 14    God:    Dithmenos [*.....]
Gold:   160        SH:  0    Dex: 10    Spells: 4/8 levels left

rFire    . . .     SeeInvis .   a - +2 dagger
rCold    . . .     Faith    .   (no shield)
rNeg     + . .     Spirit   .   c - +0 robe
rPois    ∞         Reflect  .   (no helmet)
rElec    +         Harm     .   (no cloak)
rCorr    .         Rampage  .   (no gloves)
Will     .....                  (no boots)
Stlth    ++........             (no amulet)
HPRegen  0.10/turn              (no ring)
MPRegen  0.11/turn              (no ring)

@: wreathed by umbra
A: sickness immunity, AC +4, negative energy resistance 1, electricity
resistance, torment resistance 1, petrification resistance
a: Renounce Religion


You were on level 2 of the Dungeon.
You worshipped Dithmenos.
Dithmenos was aware of your devotion.
You visited 1 branch of the dungeon, and saw 3 of its levels.

You collected 160 gold pieces.

Inventory:

Hand Weapons
 a - a +2 dagger (weapon)
Missiles
 g - 5 stones
 h - 6 curare-tipped darts
Armour
 c - a +0 robe (worn)
 e - a +0 leather armour
Jewellery
 d - an amulet of magic regeneration
Scrolls
 i - a scroll of teleportation {unknown}
 j - a scroll of identify {unknown}
 k - a scroll of noise {unknown}
 l - a scroll of blinking {unknown}
Potions
 b - a potion of haste
 f - a potion of attraction {unknown}
 m - a potion of resistance {unknown}


   Skills:
 - Level 2.1 Fighting
 + Level 1.6 Short Blades
 - Level 1.0 Axes
 - Level 1.0 Throwing
 - Level 2.1 Armour
 + Level 1.9 Stealth
 + Level 2.0 Spellcasting
 + Level 2.1 Conjurations
 - Level 1.7 Hexes
 + Level 1.4 Air Magic
 + Level 1.1 Poison Magic


You had 4 spell levels left.
You knew the following spells:

 Your Spells              Type           Power      Damage    Failure   Level
a - Shock                 Conj/Air       24%        1d4       12%         1
b - Mephitic Cloud        Conj/Pois/Air  5%         N/A       36%         3

Your spell library contained the following spells:

 Spells                   Type           Power      Damage    Failure   Level
 Gell's Gravitas          Tloc           0%         N/A       56%         3
 Lesser Beckoning         Tloc           0%         N/A       56%         3
 Teleport Other           Tloc           1%         N/A       56%         3


Dungeon Overview and Level Annotations

Branches:
Dungeon (3/15)

Altars:
Dithmenos

Shops:
D:2 [(((?


Innate Abilities, Weirdness & Mutations

You are immune to sickness and miasma.
Your stone body is resilient. (AC +4)
You are immune to poison.
You resist negative energy. (rN+)
You are resistant to electric shocks. (rElec)
You are resistant to unholy torment.
You are immune to petrification.


Message History

The orc wizard barely misses you. The orc closely misses you.
You hit the orc wizard.
The orc wizard is almost dead.
The orc wizard hits you with a +0 dagger.
The orc hits you with a +0 hand axe.
* * * LOW HITPOINT WARNING * * *
You hit the orc wizard but do no damage.
The orc wizard is almost dead.
The orc wizard hits you but does no damage.
The orc closely misses you.
Unknown command.
You hit the orc wizard.
You kill the orc wizard!
Dithmenos accepts your kill. The orc hits you with a +0 hand axe.
* * * LOW HITPOINT WARNING * * *
Your Spellcasting skill increases to level 2!
Your Poison Magic skill increases to level 1!
You have reached level 5!
You hit the orc but do no damage.
The orc is heavily wounded.
The orc closely misses you.
You hit the orc.
You kill the orc!
Dithmenos accepts your kill. The orc hits you with a +0 flail.
* * * LOW HITPOINT WARNING * * *
Things that are here:
a +0 hand axe; a +0 leather armour; an orc corpse
Casting: Shock (safe; 12% risk of failure)
Confirm with . or Enter, or press ? or * to list all spells.
Aiming: Shock (safe; 12% risk of failure)
Press: ? - help, Shift-Dir - straight line, f - orc
Aim: an orc, wielding a +0 flail and wearing a +0 ring mail (umbra, 69% to hit)
The zap hits the orc.
The orc is moderately wounded.
You hit the orc but do no damage.
The orc is moderately wounded.
The orc hits you with a +0 flail.
You die...

.####### #......#
##.....# #.##...#
.####..# .####..#
.......#
.##...##################
###.......)>)..o@......#
###..#################[#
...........######## #.#
..................# #.#
###..###########..# #.#
#..# #..# #.# #..# #..#
#.# ###..# #..# #.#
8.8.8# #..# #.#


You could see an orc.

Vanquished Creatures
  An orc wizard (D:2)
  An adder (D:2)
  4 gnolls (D:2)
  An ufetubus (D:1)
  3 dart slugs
  An orc (D:2)
  A ball python (D:1)
  2 endoplasms
  A giant cockroach (D:1)
  6 goblins
  3 hobgoblins (D:1)
  7 jackals (D:1)
  3 quokkas
  5 bats
  2 frilled lizards (D:1)
  3 kobolds
  4 rats
48 creatures vanquished.

Notes
Turn   | Place    | Note
-------+----------+-------------------------------------------
     0 | D:1      | Descartes the Gargoyle Wanderer began the quest for the
                  | Orb.
     0 | D:1      | Descartes set off with the following items: a +2 dagger, a
                  | potion of haste, a +0 robe; and the following spell
                  | memorised: Shock; and the following spells available to
                  | memorise: Mephitic Cloud
     0 | D:1      | Reached XP level 1. HP: 12/12 MP: 2/2
   138 | D:1      | Reached XP level 2. HP: 16/17 MP: 1/3
   241 | D:1      | Reached skill level 1 in Conjurations
   779 | D:1      | Found a faded altar of an unknown god.
   785 | D:1      | Reached skill level 1 in Short Blades
   785 | D:1      | Reached XP level 3. HP: 20/21 MP: 3/5
   788 | D:1      | Became a worshipper of Dithmenos the Shadowed
   788 | D:1      | Reached * piety under Dithmenos
  1097 | D:2      | Found Xumoth's Antique Armour Emporium.
  1099 | D:2      | Reached skill level 1 in Air Magic
  1113 | D:1      | Learned a level 3 spell: Mephitic Cloud
  1276 | D:2      | Found Egon Duo's Antique Weapon Shop.
  1344 | D:2      | Found Vucoam's Antique Weapon Shoppe.
  1346 | D:2      | Found Luethrau's Antique Weapon Emporium.
  1374 | D:2      | Found Kompiwue's Magic Scroll Shoppe.
  1681 | D:2      | Reached XP level 4. HP: 9/26 MP: 0/6
  2519 | D:2      | Reached skill level 1 in Poison Magic
  2519 | D:2      | Reached XP level 5. HP: 6/30 MP: 6/8
  2527 | D:2      | Slain by an orc

Illustrated notes

Levels and vault maps discovered:
D:1:      wheals_arrival_shading, layout_rooms,
          hellmonk_ecumenical_altar_slurped_away, minmay_hexomino_u4
D:2:      layout_loops_ring, serial_shops, nicolae_shop_stone, shop,
          nicolae_shop_trees, shop, nicolae_shop_temple_entry_statues_fountains
D:3:      layout_rooms, elyvilon_altar_3, hangedman_abyss_or_decor_lesser_grid

Skill      XL: |  1  2  3  4 |
---------------+-------------+-----
Conjurations   | 1 2 |  2.1
Short Blades   | 1 |  1.6
Air Magic      | 1 |  1.4
Spellcasting   | 2 |  2.0
Poison Magic   | 1 |  1.1
Fighting       | |  2.1
Axes           | |  1.0
Throwing       | |  1.0
Armour         | |  2.1
Stealth        | |  1.9
Hexes          | |  1.7

Action                   |  1- 3 |  4- 6 || total
-------------------------+-------+-------++-------
Melee: Dagger            |   100 |    33 ||   133
 Cast: Shock             |    49 |    18 ||    67
 Stab: Sleeping          |       |     1 ||     1
Armor: Robe              |    42 |     6 ||    48
Dodge: Dodged            |    92 |    29 ||   121
